 Dungeon Crawl Stone Soup version 0.30-a0-394-g3e4acdb0ae (webtiles) character file.

Game seed: 14613221631448943784

1164 NinjaNoafa the Magician (level 8, -2/57 HPs)
             Began as a Grey Draconian Fire Elementalist on Dec 6, 2022.
             Was an Initiate of Vehumet.
             Slain by a gnoll sergeant
             ... wielding a +4 spear of venom
              (7 damage)
             ... on level 6 of the Dungeon.
             The game lasted 00:09:50 (7024 turns).

NinjaNoafa the Magician (DrFE)                      Turns: 7024, Time: 00:09:50

Health: -2/57      AC: 11    Str: 10    XL:     8   Next: 17%
Magic:  6/15       EV: 12    Int: 18    God:    Vehumet [......]
Gold:   288        SH:  4    Dex: 12    Spells: 7/17 levels left

rFire   + . .      SeeInvis +    y - +6 spear of Boasypytt {holy, rN+ SInv}
rCold   . . .      Faith    .    k - +0 buckler
rNeg    + . .      Spirit   .    (body armour unavailable)
rPois   .          Reflect  .    (helmet restricted)
rElec   .          Harm     .    (no cloak)
rCorr   .          Rampage  .    (no gloves)
Will    .....                    (no boots)
Stlth   ++........               (no amulet)
HPRegen 0.29/turn                D - ring of protection from fire
MPRegen 0.14/turn                (no ring)

@: about to teleport
A: AC +11, amphibious, unfitting armour, cold-blooded
a: Renounce Religion


You were on level 6 of the Dungeon.
You worshipped Vehumet.
Vehumet was noncommittal.
You visited 2 branches of the dungeon, and saw 7 of its levels.

You collected 288 gold pieces.

Inventory:

Hand Weapons
 y - the +6 spear of Boasypytt (weapon) {holy, rN+ SInv}
   (You found it on level 4 of the Dungeon)

   It has been blessed by the Shining One to cause great damage to the undead
   and demons.
   rN:        It protects you from negative energy.
   SInv:      It lets you see invisible.
Missiles
 e - 36 stones
 l - 4 boomerangs
 p - 2 javelins
 s - 7 poisoned darts
Armour
 k - a +0 buckler (worn)
Jewellery
 D - a ring of protection from fire (left hand)
Wands
 t - a wand of polymorph (6)
 u - a wand of flame (15)
 z - a wand of roots (8)
 C - a wand of mindburst (13)
Scrolls
 b - a scroll of immolation {unknown}
 d - 2 scrolls of brand weapon {unknown}
 f - 8 scrolls of identify {unknown}
 h - a scroll of fog {unknown}
 i - 2 scrolls of fear {unknown}
 j - a scroll of poison {unknown}
 m - 7 scrolls of teleportation
 n - 2 scrolls of enchant armour {unknown}
 r - a scroll of blinking {unknown}
 w - a scroll of magic mapping {unknown}
 A - 2 scrolls of amnesia {unknown}
 B - a scroll of silence {unknown}
Potions
 a - a potion of magic
 c - a potion of degeneration {unknown}
 g - a potion of brilliance {unknown}
 o - 2 potions of curing {unknown}
 q - 4 potions of heal wounds {unknown}
 v - a potion of mutation {unknown}
 x - a potion of attraction {unknown}


   Skills:
 + Level 3.2 Dodging
 - Level 1.7 Stealth
 + Level 2.6 Shields
 - Level 5.0 Spellcasting
 - Level 5.0 Conjurations
 - Level 3.0 Hexes
 - Level 4.6 Fire Magic


You had 7 spell levels left.
You knew the following spells:

 Your Spells              Type           Power      Damage    Failure   Level
a - Foxfire               Conj/Fire      84%        2x1d8     2%          1
b - Scorch                Fire           42%        2d7       4%          2
c - Inner Flame           Hex/Fire       18%        N/A       11%         3
d - Flame Wave            Conj/Fire      21%        2d8       24%         4

Your spell library contained the following spells:

 Spells                   Type           Power      Damage    Failure   Level
 Magic Dart               Conj           88%        1d7       2%          1
 Call Imp                 Summ           4%         N/A       26%         2
 Mephitic Cloud           Conj/Pois/Air  10%        N/A       26%         3
 Kindle Blastsparks       Fire/Tloc/Air  20%        2d11      28%         3
 Gell's Gravitas          Tloc           4%         N/A       45%         3
 Lesser Beckoning         Tloc           8%         N/A       45%         3
 Ozocubu's Armour         Ice            4%         N/A       45%         3
 Teleport Other           Tloc           4%         N/A       45%         3
 Metabolic Englaciation   Hex/Ice        4%         N/A       95%         5
 Simulacrum               Ice/Necr       2%         N/A       100%        6


Dungeon Overview and Level Annotations

Branches:
Dungeon (6/15)             Temple (1/1) D:6

Altars:
Ashenzari
Cheibriados
Dithmenos
Fedhas
Gozag
Hepliaklqana
Kikubaaqudgha
Makhleb
Nemelex Xobeh
Okawaru
Qazlal
Ru
Trog
Uskayaw
Vehumet
Xom
Yredelemnul
The Shining One

Shops:
D:2 =

Annotations:
D:3 3 runed translucent doors, Iich's ghost, weakling MiBe


Innate Abilities, Weirdness & Mutations

Your dull iron-grey scales are very hard. (AC +11)
You are amphibious.
You cannot fit into any form of body armour.
You are cold-blooded and may be slowed by cold attacks.


Message History

You feel sick.
The foxfire hits the gnoll.
The gnoll is lightly wounded.
The foxfire hits the gnoll.
The gnoll is heavily wounded.
The gnoll closely misses you.
The gnoll sergeant hits you from afar with a +4 spear of venom!
You are more poisoned.
The gnoll barely misses you. The gnoll attacks as you move away!
The gnoll barely misses you.
You feel very sick.
You feel sick. The gnoll hits you but does no damage.
You feel sick.
You feel sick.
Casting: Foxfire (safe; 2% risk of failure)
Confirm with . or Enter, or press ? or * to list all spells.
You conjure some foxfire!
You feel sick. You block the gnoll's attack.
The gnoll hits you from afar with a +0 halberd!
* * * LOW HITPOINT WARNING * * *
An iguana comes into view.
Okay, then.
Your foxfire dissipates!
You feel sick.
The foxfire hits the gnoll.
The gnoll is lightly wounded.
Casting: Foxfire (safe; 2% risk of failure)
Confirm with . or Enter, or press ? or * to list all spells.
You conjure some foxfire!
You feel sick.
The foxfire hits the gnoll.
The gnoll is severely wounded.
Your foxfire dissipates!
You feel sick.
Casting: Foxfire (safe; 2% risk of failure)
Confirm with . or Enter, or press ? or * to list all spells.
You conjure some foxfire!
You feel sick. The gnoll hits you with a +0 flail!
* * * LOW HITPOINT WARNING * * *
As you read the scroll labelled ZUXKUOR ZINA, it crumbles to dust.
You feel strangely unstable.
It was a scroll of teleportation.
You feel sick.
You are no longer poisoned.
The foxfire hits the gnoll sergeant but does no damage.
The gnoll closely misses you.
The gnoll sergeant hits you from afar with a +4 spear of venom!
You die...

+###'###'..+
#)......#..#
#....)..#..#
#'###'###'###
###..##...#
..........#
..........#
........gg###########
........gggg.@v......
........gh#.g########
........h.##...#
..........####....
..........# ####
..........#
..........#
..........#
.........#


You could see a black bear, a gnoll sergeant and 7 gnolls.

Vanquished Creatures
  Sigmund (D:4)
  Eustachio (D:3)
  A centaur (D:5)
  A phantom (D:4)
  2 scorpions (D:4)
  A necrophage (D:5)
  A howler monkey (D:6)
  5 hounds
  2 jellies
  A gnoll bouda (D:6)
  4 iguanas
  6 adders
  2 white imps
  A worm (D:2)
  2 dart slugs (D:4)
  10 orcs
  3 bats
  3 endoplasms
  2 giant cockroaches
  4 goblins
  7 hobgoblins
  8 jackals
  2 quokkas (D:2)
  6 ball pythons
  2 frilled lizards
  8 kobolds
  2 rats
88 creatures vanquished.

Vanquished Creatures (others)
  318 foxfires
318 creatures vanquished.

Grand Total: 406 creatures vanquished

Notes
Turn   | Place    | Note
-------+----------+-------------------------------------------
     0 | D:1      | NinjaNoafa the Draconian Fire Elementalist began the quest
                  | for the Orb.
     0 | D:1      | Reached XP level 1. HP: 14/14 MP: 3/3
   604 | D:1      | Reached XP level 2. HP: 20/20 MP: 1/5
  1304 | D:2      | Reached XP level 3. HP: 24/26 MP: 0/6
  1307 | D:2      | Learned a level 2 spell: Scorch
  1854 | D:2      | Found Raas Holea's Jewellery Emporium.
  2221 | D:3      | Found a glowing golden altar of the Shining One.
  2863 | D:3      | Found a runed translucent gate.
  2863 | D:3      | Found a runed translucent gate.
  2863 | D:3      | Found a runed translucent gate.
  2864 | D:3      | Noticed Iich's ghost (weakling MiBe)
  2868 | D:3      | Noticed a kobold brigand
  2995 | D:3      | Reached XP level 4. HP: 33/33 MP: 1/8
  3070 | D:3      | Found a basalt altar of Yredelemnul.
  3112 | D:3      | Found a shadowy altar of Dithmenos.
  3242 | D:3      | You fall into a shaft and drop 2 floors!
  3242 | D:5      | Entered Level 5 of the Dungeon
  3289 | D:5      | HP: 1/33 [iguana (11)]
  3458 | D:5      | Noticed a necrophage
  3494 | D:5      | Killed a necrophage
  3495 | D:5      | Reached XP level 5. HP: 19/38 MP: 0/10
  3771 | D:4      | Noticed a phantom
  3778 | D:4      | Killed a phantom
  3892 | D:4      | Noticed Sigmund
  3892 | D:4      | Noticed Eustachio
  3924 | D:3      | Killed Eustachio
  3925 | D:3      | Reached XP level 6. HP: 26/45 MP: 0/12
  4045 | D:3      | Found a radiant altar of Vehumet.
  4051 | D:3      | Became a worshipper of Vehumet
  4501 | D:3      | Learned a level 3 spell: Inner Flame
  4568 | D:4      | Killed Sigmund
  4569 | D:4      | Your scales start taking on a dull iron-grey colour.
  4569 | D:4      | Reached XP level 7. HP: 23/50 MP: 1/13
  4957 | D:4      | Reached skill level 5 in Spellcasting
  5152 | D:4      | Identified the +6 spear of Boasypytt {holy, rN+ SInv}
  5517 | D:5      | Reached skill level 5 in Conjurations
  5517 | D:5      | Reached skill level 1 in Shields
  5783 | D:5      | Found a shimmering altar of Xom.
  5790 | D:5      | Reached XP level 8. HP: 57/57 MP: 10/15
  5795 | D:5      | Learned a level 4 spell: Flame Wave
  6487 | D:6      | Found a staircase to the Ecumenical Temple.
  6493 | Temple   | Entered the Ecumenical Temple
  6931 | D:6      | Found a sacrificial altar of Ru.
  7024 | D:6      | Slain by a gnoll sergeant

Illustrated notes

Levels and vault maps discovered:
D:1:      eino_arrival_druids_welcome, layout_basic, hangedman_glass_teeth,
          minmay_misc_feat_tiny
D:2:      layout_loops_corners, serial_shops, shop_statue, minmay_puff
D:3:      mumra_celtic_spiral_tile, layout_basic, mainiacjoe_overflow_boulevard,
          nicolae_vehumet_altar_sigil, mainiacjoe_overflow_surrounded_room,
          overflow_temple_1_default, gammafunk_ghost_nasty_kobolds
D:4:      layout_rooms, uniq_sigmund, uniq_eustachio
D:5:      layout_basic, old_standard_altar, hangedman_abyss_or_decor_stabs,
          palyth_stone_intersect
D:6:      layout_rooms, mainiacjoe_overflow_24_doors, nzn_wu_jian_contemplation,
          minmay_temple_entry_fiery, wad_floor_pattern_1
Temple:   minmay_temple_forest_path

Skill      XL: |  1  2  3  4  5  6  7  8 |
---------------+-------------------------+-----
Conjurations   | 2 3 5 |  5.0
Spellcasting   | 3 4 5 |  5.0
Fire Magic     | 4 |  4.6
Hexes          | 2 3 |  3.0
Dodging        | 2 3 |  3.2
Shields        | 1 2 |  2.6
Stealth        | |  1.7

Action                   |  1- 3 |  4- 6 |  7- 9 || total
-------------------------+-------+-------+-------++-------
Melee: Dagger            |     6 |    14 |     5 ||    25
       Tailslap          |     1 |     1 |     3 ||     5
       Punch             |     1 |       |       ||     1
       Spear             |       |       |     3 ||     3
 Cast: Foxfire           |    88 |    52 |    65 ||   205
       Scorch            |     9 |    18 |    21 ||    48
  Use: Scroll            |       |       |     1 ||     1
Armor: Skin              |     6 |     8 |    15 ||    29
Dodge: Dodged            |    14 |    33 |    34 ||    81
Block: Buckler           |       |       |     3 ||     3

Table legend: (Time is in decaauts)
 A = Elapsed time spent in this place.
 B = Non-inter-level travel time spent in this place.
 C = Inter-level travel time spent in this place.
 D = Time resting spent in this place.
 E = Time spent auto-exploring this place.
 F = Levels seen in this place.
 G = Mean time per level.
                   A        B        C        D        E       F      G
               +--------+--------+--------+--------+--------+-----+--------+
         Total |   7026 |   6667 |    359 |    177 |   5671 |   7 | 1003.7 |
       Dungeon |   6660 |   6339 |    321 |    177 |   5356 |   6 | 1110.0 |
        Temple |    365 |    327 |     38 |      0 |    315 |   1 |  365.0 |
               +--------+--------+--------+--------+--------+-----+--------+

Top non-repeatable levels by time:
     D:3: 2008 daAuts
     D:2: 1516 daAuts
     D:5: 1321 daAuts
     D:4: 840 daAuts
     D:1: 689 daAuts
  Temple: 365 daAuts
     D:6: 284 daAuts
